 Dungeon Crawl Stone Soup version 0.25.0-9-g26727b657a (webtiles) character file.

Game seed: 6530939485112569018

172 mopl the Skirmisher (level 5, 0/48 HPs)
             Began as a Hill Orc Wanderer on June 18, 2020.
             Killed by divine providence
             ... invoked by a smoke demon
             ... created by the fury of Makhleb
              (14 damage)
             ... on level 3 of the Dungeon.
             The game lasted 00:03:50 (1876 turns).

mopl the Skirmisher (Hill Orc Wanderer)             Turns: 1876, Time: 00:03:52

Health: 0/48       AC:  9    Str: 15    XL:     5   Next: 52%
Magic:  5/5        EV: 11    Int: 12    God:
Gold:   55         SH:  0    Dex: 11    Spells: 4/4 levels left

rFire    . . .     SeeInvis .   o - +1 dagger (speed)
rCold    . . .     Gourm    .   (no shield)
rNeg     . . .     Faith    .   n - +0 ring mail
rPois    .         Spirit   .   (no helmet)
rElec    .         Reflect  .   p - +0 cloak
rCorr    .         Harm     .   g - +0 pair of gloves
MR       .....     Rnd*Rage +   q - +0 pair of boots
Stlth    +.........             (no amulet)
HPRegen  0.16/turn              (no ring)
MPRegen  0.09/turn              (no ring)

@: berserk cooldown, slowed, very slow
A: berserk 1
a: no special abilities


You were on level 3 of the Dungeon.
You were very hungry.

You visited 1 branch of the dungeon, and saw 3 of its levels.

You collected 55 gold pieces.

Inventory:

Hand Weapons
 o - a +1 dagger of speed (weapon)
Armour
 g - a +0 pair of gloves (worn)
 n - a +0 ring mail (worn)
 p - a +0 cloak (worn)
 q - a +0 pair of boots (worn)
Jewellery
 u - an uncursed amulet of magic regeneration {unknown}
Wands
 s - a wand of iceblast (9)
Scrolls
 a - a scroll of noise {unknown}
 d - a scroll of magic mapping {unknown}
 h - a scroll of identify {unknown}
 l - a scroll of teleportation {unknown}
 m - 2 scrolls of remove curse {unknown}
 r - a scroll of fog {unknown}
 t - a scroll of enchant armour {unknown}
Potions
 b - a potion of haste
 c - a potion of lignification
 e - 2 potions of curing
 j - a potion of berserk rage {unknown}
 k - 2 potions of invisibility {unknown}
 v - a potion of cancellation {unknown}
Comestibles
 f - a ration


   Skills:
 + Level 5.0 Fighting
 - Level 2.0(2.1) Short Blades
   Level 1.1(1.8) Long Blades
 - Level 1.0 Throwing
 + Level 3.0 Armour
 + Level 2.2 Dodging
 - Level 2.4 Stealth


You had 4 spell levels left.
You didn't know any spells.
Your spell library was empty.

Dungeon Overview and Level Annotations

Branches:
Dungeon (3/15)

Altars:
Ashenzari
Makhleb


Innate Abilities, Weirdness & Mutations

You tend to lose your temper in combat.


Message History

The jackal barks!
You hit the jackal.
You kill the jackal!
You see here a jackal corpse.
The jackal bites you but does no damage.
The jackal completely misses you. Makhleb sends a minion to punish you.
A smoke demon comes into view.
You hit the jackal.
The jackal is heavily wounded.
The jackal bites you.
* * * LOW HITPOINT WARNING * * *
You hit the jackal.
You kill the jackal!
The smoke demon barely misses you. x2
The smoke demon hits you but does no damage.
You see here a jackal corpse.
The smoke demon gestures at you. Makhleb smites you!
You die...

###########.
#.).........
#.#########. #.# ..
#.###.# ####.....#
#..)..#### #.###.# #
#.# #@# #
!###########.###†## .#
....!..........3.+ ...
#....##..##.#..†<#
....
#....##..##.#.##.#
....
#....##..##.#.##)#..#
+..(.+....).#..(....#
##..5.##...###.......#
#.5.h..'......(.#....#


You could see a smoke demon.

Vanquished Creatures
  A hound (D:2)
  Natasha (D:3)
  A worker ant (D:3)
  3 gnolls (D:3)
  2 oozes
  A worm (D:2)
  A dart slug (D:2)
  A leopard gecko (D:2)
  4 bats
  A giant cockroach (D:2)
  5 goblins
  7 hobgoblins
  6 jackals
  A quokka (D:3)
  4 frilled lizards (D:1)
  7 kobolds
  7 rats
53 creatures vanquished.

Notes
Turn   | Place    | Note
-------+----------+-------------------------------------------
     0 | D:1      | mopl the Hill Orc Wanderer began the quest for the Orb.
     0 | D:1      | mopl set off with the following items: a +2 dagger, a
                  | potion of haste, a potion of lignification, a +0 short
                  | sword, a +0 robe, a ration
     0 | D:1      | Reached XP level 1. HP: 19/19 MP: 1/1
   130 | D:1      | Found a shattered altar of Ashenzari.
   172 | D:1      | Reached XP level 2. HP: 21/27 MP: 2/2
   322 | D:1      | Reached skill level 1 in Armour
   336 | D:1      | Reached skill level 4 in Fighting
   632 | D:2      | Reached skill level 1 in Dodging
   632 | D:2      | Reached XP level 3. HP: 11/33 MP: 3/3
  1019 | D:2      | Found a burning altar of Makhleb.
  1041 | D:2      | Reached XP level 4. HP: 32/41 MP: 4/4
  1100 | D:2      | Became a worshipper of Makhleb the Destroyer
  1101 | D:2      | Fell from the grace of Makhleb
  1151 | D:2      | Noticed a neqoxec
  1213 | D:3      | Found a shattered altar of Ashenzari.
  1234 | D:3      | Noticed Natasha
  1288 | D:2      | Noticed a neqoxec
  1289 | D:2      | Gained mutation: You tend to lose your temper in combat. [a
                  | neqoxec]
  1318 | D:3      | Killed Natasha
  1338 | D:3      | Reached XP level 5. HP: 10/47 MP: 5/5
  1835 | D:3      | Reached skill level 5 in Fighting
  1873 | D:3      | Noticed a smoke demon
  1876 | D:3      | Killed from afar by a smoke demon

Illustrated notes

Levels and vault maps discovered:
D:1:      dpeg_arrival_lava_altar, layout_basic, kennysheep_boxes
D:2:      layout_basic, makhleb_heckhound_becter
D:3:      layout_basic, good_gods_temple_1, first_ration,
          evilmike_ruin_ashenzari, uniq_natasha

Skill      XL: |  1  2  3  4  5 |
---------------+----------------+-----
Armour         | 1 2 3 |  3.0
Fighting       | 4 5 |  5.0
Dodging        | 1 2 |  2.2
Short Blades   | |  2.0
Long Blades    | |  1.1
Throwing       | |  1.0
Stealth        | |  2.4

Action                   |  1- 3 |  4- 6 || total
-------------------------+-------+-------++-------
Melee: Dagger            |   141 |   158 ||   299
Invok: Renounce Religion |       |     1 ||     1
  Use: Potion            |       |     1 ||     1
  Eat: Chunk             |       |     2 ||     2
Armor: Robe              |    27 |       ||    27
       Ring mail         |    32 |    50 ||    82
Dodge: Dodged            |    75 |    62 ||   137
